 Dungeon Crawl Stone Soup version 0.29.1-15-g9cfb28693d (console) character file.

Game seed: 1801308249215530814

17094 om the Severer (level 12, -1/160 HPs)
             Began as a Minotaur Berserker on Apr 14, 2023.
             Was an Elder of Trog.
             Slain by a four-headed hydra (2 damage)
             ... on level 2 of the Lair of Beasts.
             The game lasted 00:17:47 (11931 turns).

om the Severer (Minotaur Berserker)                Turns: 11931, Time: 00:17:47

Health: -1/160     AC: 14    Str: 25    XL:     12   Next: 15%
Magic:  4/11       EV: 16    Int:  4    God:    Trog [****..]
Gold:   621        SH:  0    Dex: 18    Spells: 11/11 levels left

rFire   + . .      SeeInvis .   G - +0 scimitar (flame)
rCold   + . .      Faith    .   (no shield)
rNeg    . . .      Spirit   .   u - +4 scale mail {rC+}
rPois   .          Reflect  .   (helmet restricted)
rElec   .          Harm     .   x - +0 cloak
rCorr   .          Rampage  .   (no gloves)
Will    .....                   (no boots)
Stlth   ..........              (no amulet)
HPRegen 0.36/turn               v - +6 ring of dexterity
MPRegen 0.12/turn               F - ring of protection from fire

@: berserking, very quick
A: horns 2, retaliatory headbutt
a: Renounce Religion, Berserk, Trog's Hand, Brothers in Arms


You were on level 2 of the Lair of Beasts.
You worshipped Trog.
Trog was greatly pleased with you.
You visited 2 branches of the dungeon, and saw 11 of its levels.

You collected 621 gold pieces.

Inventory:

Hand Weapons
 b - a +2 antimagic war axe
 t - a +0 vampiric hand axe
 y - a +5 spear of venom
 G - a +0 scimitar of flaming (weapon)
Missiles
 l - 4 throwing nets (quivered)
Armour
 u - a +4 scale mail of cold resistance (worn)
 x - a +0 cloak (worn)
Jewellery
 v - a +6 ring of dexterity (left hand)
 F - a ring of protection from fire (right hand)
 H - a ring of poison resistance
Wands
 w - a wand of digging (3)
 B - a wand of light (13)
 E - a wand of charming (21)
Scrolls
 a - a scroll of vulnerability
 c - a scroll of summoning
 e - a scroll of brand weapon
 g - 3 scrolls of teleportation
 h - 3 scrolls of immolation
 j - a scroll of blinking
 m - a scroll of enchant armour
 n - 3 scrolls of fog
 o - a scroll of torment {unknown}
 s - 2 scrolls of enchant weapon
 C - a scroll of poison
 D - a scroll of fear
 I - a scroll of noise {unknown}
Potions
 d - a potion of resistance
 f - a potion of magic
 i - 4 potions of heal wounds
 k - a potion of might
 p - 3 potions of brilliance
 q - a potion of ambrosia {unknown}
 r - 3 potions of flight
 z - 2 potions of lignification
 A - 4 potions of curing
 J - a potion of cancellation {unknown}


   Skills:
 + Level 10.3 Fighting
 * Level 16.3 Axes
 + Level 10.3 Armour
 + Level 10.2 Dodging
 + Level 1.6 Evocations


You had 11 spell levels left.
You didn't know any spells.
Your spell library was empty.

Dungeon Overview and Level Annotations

Branches:
Dungeon (9/15)             Temple (0/1) D:6            Lair (2/5) D:9
  Snake (0/4) Lair:2
  Swamp: Lair:2-3    Shoals: Lair:2-3       Orc: D:9-12

Altars:
Cheibriados
Fedhas
Gozag
Hepliaklqana
Kikubaaqudgha
Ru
Xom

Shops:
D:7 [


Innate Abilities, Weirdness & Mutations

You have a pair of horns on your head.
You reflexively headbutt those who attack you in melee.


Message History

The five-headed hydra completely misses you.
The five-headed hydra bites you! The five-headed hydra bites you.
The five-headed hydra barely misses you.
The five-headed hydra closely misses you.
The five-headed hydra bites you. The five-headed hydra misses you.
The five-headed hydra closely misses you.
The five-headed hydra bites you.
The five-headed hydra bites you but does no damage.
You hit the five-headed hydra but do no damage.
The five-headed hydra is moderately wounded.
The five-headed hydra bites you. The five-headed hydra bites you!
* * * LOW HITPOINT WARNING * * *
The five-headed hydra misses you.
The five-headed hydra barely misses you.
The five-headed hydra completely misses you.
A red film seems to cover your vision as you go berserk!
You feel yourself moving faster!
You feel mighty!
The five-headed hydra completely misses you.
The five-headed hydra bites you.
* * * LOW HITPOINT WARNING * * *
The five-headed hydra bites you.
* * * LOW HITPOINT WARNING * * *
The five-headed hydra misses you. The five-headed hydra bites you!
* * * LOW HITPOINT WARNING * * *
You slice one of the five-headed hydra's heads off!
The flame cauterises the wound!
You slash the four-headed hydra! You burn the four-headed hydra!
You headbutt the four-headed hydra!
The four-headed hydra is severely wounded.
The four-headed hydra completely misses you.
The four-headed hydra bites you!
* * * LOW HITPOINT WARNING * * *
The four-headed hydra bites you!
* * * LOW HITPOINT WARNING * * *
The four-headed hydra bites you.
* * * LOW HITPOINT WARNING * * *
You barely miss the four-headed hydra.
The four-headed hydra is heavily wounded.
The four-headed hydra barely misses you.
The four-headed hydra bites you.
You die...

.##.. ##...P# ..#..
#...###.## ####.####
#.#......#
#....♣♣~#####...###..#
♣...PP~~#.##†#..#P.#
P.♣♣.♣♣.♣#..........#
P.♣...♣..#[.........#
....>)).............#
~~♣...♣..#......@...#
.~♣♣.♣♣PP###.##.D#...#
P ...~~~~#
#.###.#..#.# ♣~P.~.~##
... ......## ###.####
.......#P.## #..
#..........# .. ....
.....


You could see a four-headed hydra.

Vanquished Creatures
  2 hydras (Lair:1)
  Erica (D:8)
  4 two-headed ogres
  Maurice (D:8)
  2 cane toads
  A rime drake (Lair:1)
  3 komodo dragons (Lair:1)
  3 blink frogs (Lair:1)
  Sigmund (D:4)
  A wyvern (Lair:1)
  Eustachio (D:4)
  33 yaks
  A steam dragon (D:8)
  Grum (D:8)
  2 nagas (Lair:2)
  Duvessa (D:5)
  6 water moccasins
  An orc warrior (D:7)
  5 ice beasts
  A black bear (Lair:1)
  5 wolves
  2 centaurs (D:6)
  4 ogres
  A phantom (D:5)
  2 kobold brigands (D:3)
  Blork the orc (D:4)
  6 bullfrogs
  2 gnoll sergeants
  3 scorpions
  Dowan (D:5)
  14 killer bees
  3 howler monkeys
  2 hounds
  3 orc priests
  A jelly (D:7)
  Crazy Yiuf (D:5)
  4 iguanas
  Jessica (D:2)
  5 orc wizards
  Robin (D:2)
  7 adders
  10 gnolls
  A shadow imp (D:5)
  3 white imps
  2 ufetubi
  A worm (D:5)
  3 dart slugs
  30 orcs
  2 bats
  An endoplasm (D:2)
  4 giant cockroaches
  15 goblins
  12 hobgoblins
  13 kobolds
  5 quokkas
  6 ball pythons
  A frilled lizard (D:2)
  2 rats
  A bush (D:6)
252 creatures vanquished.

Vanquished Creatures (others)
  4 fungi
  25 plants
29 creatures vanquished.

Grand Total: 281 creatures vanquished

Notes
Turn   | Place    | Note
-------+----------+-------------------------------------------
     0 | D:1      | om the Minotaur Berserker began the quest for the Orb.
     0 | D:1      | Reached XP level 1. HP: 19/19 MP: 0/0
   197 | D:1      | Reached XP level 2. HP: 21/27 MP: 1/1
   261 | D:1      | You fall into a shaft and drop 1 floor!
   269 | D:2      | Reached skill level 4 in Axes
   562 | D:2      | Noticed Robin
   569 | D:2      | Killed Robin
   570 | D:2      | Reached XP level 3. HP: 13/33 MP: 2/2
   914 | D:2      | Reached ** piety under Trog
  1117 | D:2      | Reached XP level 4. HP: 38/40 MP: 3/3
  1189 | D:2      | Noticed Jessica
  1197 | D:2      | Killed Jessica
  1449 | D:2      | Found an ancient bone altar of Kikubaaqudgha.
  1740 | D:3      | Reached skill level 5 in Axes
  1740 | D:3      | Reached XP level 5. HP: 29/46 MP: 4/4
  2171 | D:3      | Reached XP level 6. HP: 35/52 MP: 5/5
  2386 | D:3      | Found a sacrificial altar of Ru.
  2947 | D:4      | Noticed Eustachio
  2957 | D:4      | Killed Eustachio
  2958 | D:4      | Reached skill level 6 in Axes
  2958 | D:4      | Reached skill level 5 in Armour
  3034 | D:4      | Reached skill level 7 in Axes
  3034 | D:4      | Reached skill level 5 in Dodging
  3034 | D:4      | Reached XP level 7. HP: 59/59 MP: 6/6
  3407 | D:4      | Noticed Blork the orc
  3416 | D:4      | Killed Blork the orc
  3417 | D:4      | Reached skill level 8 in Axes
  3551 | D:4      | Found a blossoming altar of Fedhas.
  3625 | D:4      | Noticed Sigmund
  3639 | D:4      | Killed Sigmund
  3640 | D:4      | Reached skill level 9 in Axes
  4242 | D:5      | Entered Level 5 of the Dungeon
  4318 | D:5      | Reached XP level 8. HP: 34/66 MP: 7/7
  4583 | D:5      | Reached skill level 10 in Axes
  5037 | D:5      | Found a hazy altar of Hepliaklqana.
  5300 | D:5      | Found a snail-covered altar of Cheibriados.
  5474 | D:5      | Found a runed translucent door.
  5475 | D:5      | Noticed Crazy Yiuf
  5571 | D:5      | Reached skill level 5 in Fighting
  5772 | D:5      | Reached *** piety under Trog
  5849 | D:5      | Noticed Duvessa
  5849 | D:5      | Noticed Dowan
  5854 | D:5      | Killed Duvessa
  5859 | D:5      | Killed Dowan
  5860 | D:5      | Reached XP level 9. HP: 74/74 MP: 2/8
  5974 | D:5      | Found an opulent altar of Gozag.
  6102 | D:5      | Killed Crazy Yiuf
  6700 | D:6      | Found a staircase to the Ecumenical Temple.
  6970 | D:6      | Found a shimmering altar of Xom.
  6979 | D:6      | Found a shimmering altar of Xom.
  6980 | D:6      | Found a shimmering altar of Xom.
  7352 | D:7      | Reached skill level 10 in Armour
  7425 | D:7      | Reached **** piety under Trog
  7505 | D:7      | Found Xuerool's Armour Boutique.
  8144 | D:8      | Reached skill level 11 in Axes
  8144 | D:8      | Reached XP level 10. HP: 63/83 MP: 3/9
  8329 | D:8      | Noticed Erica
  8338 | D:8      | Killed Erica
  8356 | D:8      | Reached skill level 12 in Axes
  8399 | D:8      | Noticed a two-headed ogre
  8426 | D:8      | Killed a two-headed ogre
  8680 | D:8      | Noticed Maurice
  8684 | D:8      | Noticed Grum
  8689 | D:8      | Killed Maurice
  8715 | D:8      | Killed Grum
  8716 | D:8      | Reached skill level 13 in Axes
  9021 | D:8      | Noticed a two-headed ogre
  9029 | D:8      | Killed a two-headed ogre
  9642 | D:9      | Reached XP level 11. HP: 94/94 MP: 3/10
  9652 | D:9      | Noticed a two-headed ogre
  9662 | D:9      | Killed a two-headed ogre
  9805 | D:9      | Found a staircase to the Lair.
  9845 | D:9      | Reached skill level 10 in Dodging
  9883 | D:9      | Noticed a two-headed ogre
  9894 | D:9      | Reached skill level 14 in Axes
  9900 | D:9      | Killed a two-headed ogre
 10252 | Lair:1   | Entered Level 1 of the Lair of Beasts
 10412 | Lair:1   | Reached skill level 15 in Axes
 10559 | Lair:1   | Noticed an eight-headed hydra
 10572 | Lair:1   | Killed a six-headed hydra
 10573 | Lair:1   | Reached skill level 10 in Fighting
 10838 | Lair:1   | Reached skill level 16 in Axes
 11046 | Lair:1   | Reached skill level 1 in Evocations
 11046 | Lair:1   | Reached XP level 12. HP: 106/106 MP: 3/11
 11199 | Lair:1   | Noticed a four-headed hydra
 11208 | Lair:1   | Killed a one-headed hydra
 11791 | Lair:2   | Found a staircase to the Snake Pit.
 11922 | Lair:2   | Noticed a seven-headed hydra
 11930 | Lair:2   | HP: 6/160 [four-headed hydra (13)]
 11930 | Lair:2   | HP: 1/160 [four-headed hydra (5)]
 11931 | Lair:2   | Slain by a four-headed hydra

Illustrated notes

Levels and vault maps discovered:
D:1:      tarquinn_simple_flora_water_b, layout_loops_cross,
          dilly_ecumenical_altar_fadedgnrine, dk_noncrumbling_3, st_stairs_14
D:2:      layout_loops_ring, basic_altar, kennysheep_jessica_study, uniq_robin
D:3:      cheibrodos_thug_alley, layout_basic, mainiacjoe_overflow_brackets
D:4:      layout_layer_cave, mainiacjoe_overflow_catwalk, uniq_sigmund,
          uniq_blork_the_orc, uniq_eustachio
D:5:      minmay_octagon_keep, layout_basic,
          mainiacjoe_overflow_six_doors_small, mainiacjoe_overflow_two_lobes,
          minmay_misc_feat_encased, uniq_crazy_yiuf_cottage, uniq_duvessa
D:6:      layout_basic, xom_redecorated, minmay_temple_entry_trees,
          wad_floor_pattern_untrapped, grunt_ministairs_14,
          kb_lookout_dungeons_type, chequers_serial_rivers_large_b
D:7:      layout_loops_cross, serial_shops, nicolae_lakefront_shop,
          minmay_tree_intersection, dk_noncrumbling_4, kennysheep_doodads
D:8:      layout_basic, uniq_erica, uniq_grum, uniq_maurice
D:9:      layout_loops_ring, dpeg_oklobed_lair
Lair:1:   layout_hall_layers, lemuel_fruit_fields
Lair:2:   regret_index_harrowing_hell_hive, layout_regular_city,
          minmay_swamp_entry_worms, guppyfry_snake_entry_garden,
          portal_ice_cave_demonic_guard, serial_bayou_lagoon_a,
          infiniplex_staircase_pool_2

Skill      XL: |  1  2  3  4  5  6  7  8  9 10 11 |
---------------+----------------------------------+-----
Fighting       | 4 5 8 10 | 10.3
Axes           | 4 5 7 9 10 11 13 16 | 16.3
Armour         | 3 4 5 7 10 | 10.3
Dodging        | 3 4 5 6 8 9 10 | 10.2
Evocations     | 1 |  1.6

Action                   |  1- 3 |  4- 6 |  7- 9 | 10-12 || total
-------------------------+-------+-------+-------+-------++-------
Melee: Hand axe          |    54 |   106 |   109 |       ||   269
       Headbutt          |    12 |    17 |    64 |    48 ||   141
       Punch             |       |     4 |     5 |     3 ||    12
       War axe           |       |       |   181 |   201 ||   382
       Spear             |       |       |     5 |       ||     5
       Scimitar          |       |       |       |    15 ||    15
Invok: Berserk           |     1 |     5 |     9 |    11 ||    26
       Trog's Hand       |       |       |       |     2 ||     2
  Use: Scroll            |       |     5 |     1 |    15 ||    21
 Stab: Sleeping          |       |     2 |       |       ||     2
Armor: Animal skin       |     8 |    13 |     5 |       ||    26
       Chain mail        |       |       |    19 |       ||    19
       Scale mail        |       |       |    71 |    72 ||   143
Dodge: Dodged            |    36 |    72 |   131 |   206 ||   445
